PCL
REDWOOD CITY REDWOODS @ GRESHAM GOLD SOULS
08/31/2026
 
TOP OF THE 1ST
Redwood City Redwoods batting - Pitching for Gresham Gold Souls : RHP Martín Ortíz
Pitching: RHP Martín Ortíz
Batting: LHB Diego González 0-0: Ball
1-0: Ball
2-0: Foul Ball, location: 2F
2-1: SINGLE (Groundball, 34)
Batting: LHB Marcos Pérez 0-0: Foul Ball, location: 2F
0-1: Fly out, F3 (Line Drive, 3)
Batting: LHB Iván Salas 0-0: Ball
1-0: Ball
2-0: Ball
3-0: Base on Balls
Diego González to second
Batting: RHB Bob Campbell 0-0: Called Strike
0-1: Ball
1-1: Called Strike
1-2: Strikes out swinging
Batting: RHB Rafael Rincón 0-0: Foul Ball, location: 2F
0-1: Ball
1-1: Foul Ball, location: 2F
1-2: Foul Ball, location: 2F
1-2: Ball
2-2: Fly out, F8 (Flyball, 8LD)
Top of the 1st over - 0 run(s), 1 hit(s), 0 error(s), 2 left on base; Redwood City 0 - Gresham 0
BOTTOM OF THE 1ST
Gresham Gold Souls batting - Pitching for Redwood City Redwoods : LHP Phil Davis
Pitching: LHP Phil Davis
Batting: RHB Luke McIndoe 0-0: Called Strike
0-1: Foul Ball, location: 2F
0-2: Fly out, F6 (Popup, 56S)
Batting: RHB Peter Hensley 0-0: Ball
1-0: Fly out, F8 (Flyball, 8LD)
Batting: LHB Vicente Bueno 0-0: Ball
1-0: Fly out, F8 (Flyball, 78M)
Bottom of the 1st over - 0 run(s), 0 hit(s), 0 error(s), 0 left on base; Redwood City 0 - Gresham 0
TOP OF THE 2ND
Redwood City Redwoods batting - Pitching for Gresham Gold Souls : RHP Martín Ortíz
Batting: LHB Nicholas Alston 0-0: Ball
1-0: Foul Ball, location: 2F
1-1: Fly out, F7 (Flyball, 78M)
Batting: LHB Ryan Hensley 0-0: Ball
1-0: Ball
2-0: Ball
3-0: Called Strike
3-1: Ground out 6-3 (Groundball, 56)
Batting: SHB José López 0-0: Called Strike
0-1: Ball
Single, Error in OF, E9, batter to second base
Batting: LHB Patrick Bright 0-0: Ball
1-0: Ball
2-0: Ball
3-0: Called Strike
3-1: Ground out U3 (Groundball, 3S)
Top of the 2nd over - 0 run(s), 1 hit(s), 1 error(s), 1 left on base; Redwood City 0 - Gresham 0
BOTTOM OF THE 2ND
Gresham Gold Souls batting - Pitching for Redwood City Redwoods : LHP Phil Davis
Batting: RHB Lorenzo Morín 0-0: Called Strike
0-1: Ball
1-1: Ball
2-1: Called Strike
2-2: Ball
3-2: Strikes out swinging
Batting: RHB Pepe Medrano 0-0: Called Strike
0-1: Ball
1-1: SINGLE (Groundball, 6MS)
Batting: RHB Matt Davidson 0-0: Called Strike
0-1: Hit by Pitch
Pepe Medrano to second
Batting: LHB Bill Smith 0-0: 3-RUN HOME RUN (Flyball, 9D), Distance : 380 ft
Batting: LHB Jeff Doss 0-0: Ball
1-0: Ball
2-0: Ball
3-0: Called Strike
3-1: Base on Balls
Batting: RHB Pablo Castillo 0-0: Called Strike
0-1: Grounds into double play, 1-4-3 (Groundball, 15)
Bottom of the 2nd over - 3 run(s), 2 hit(s), 0 error(s), 0 left on base; Redwood City 0 - Gresham 3
TOP OF THE 3RD
Redwood City Redwoods batting - Pitching for Gresham Gold Souls : RHP Martín Ortíz
Batting: LHB Diego González 0-0: Bunt missed!
0-1: Foul Ball, location: 2F
0-2: Ball
1-2: DOUBLE (Flyball, 8LXD)
Batting: LHB Marcos Pérez 0-0: Ball
Diego González is caught stealing 3rd base
1-0: Called Strike
1-1: Ball
2-1: Ball
3-1: Swinging Strike
3-2: Base on Balls
Batting: LHB Iván Salas 0-0: Ball
1-0: Ball
2-0: Called Strike
2-1: Ball
3-1: Foul Ball, location: 2F
3-2: Ground out U3 (Groundball, 3S)
Marcos Pérez to second
Batting: RHB Bob Campbell 0-0: Ball
1-0: Foul Ball, location: 2F
1-1: Foul Ball, location: 2F
1-2: Ball
2-2: DOUBLE (Line Drive, 7LS)
Marcos Pérez scores
Batting: RHB Rafael Rincón 0-0: Foul Ball, location: 2F
0-1: Swinging Strike
0-2: Strikes out swinging
Top of the 3rd over - 1 run(s), 2 hit(s), 0 error(s), 1 left on base; Redwood City 1 - Gresham 3
BOTTOM OF THE 3RD
Gresham Gold Souls batting - Pitching for Redwood City Redwoods : LHP Phil Davis
Batting: RHB Luke McIndoe 0-0: Swinging Strike
0-1: Called Strike
0-2: Ball
1-2: Foul Ball, location: 2F
1-2: Ball
2-2: Ball
3-2: Ground out 6-3 (Groundball, 6)
Batting: RHB Peter Hensley 0-0: Called Strike
0-1: Foul Ball, location: 2F
0-2: Strikes out swinging
Batting: LHB Vicente Bueno 0-0: Called Strike
0-1: Swinging Strike
0-2: Ball
1-2: Ball
2-2: Ground out 4-3 (Groundball, 34)
Bottom of the 3rd over - 0 run(s), 0 hit(s), 0 error(s), 0 left on base; Redwood City 1 - Gresham 3
TOP OF THE 4TH
Redwood City Redwoods batting - Pitching for Gresham Gold Souls : RHP Martín Ortíz
Batting: LHB Nicholas Alston 0-0: Called Strike
0-1: Swinging Strike
0-2: SOLO HOME RUN (Flyball, 9LD), Distance : 363 ft
Batting: LHB Ryan Hensley 0-0: Ball
1-0: DOUBLE (Line Drive, 89D)
Batting: SHB José López 0-0: Ball
1-0: Fly out, F7 (Flyball, 7M)
Batting: LHB Patrick Bright 0-0: Called Strike
0-1: Swinging Strike
0-2: Strikes out swinging
Batting: LHB Diego González 0-0: Ball
1-0: Ball
2-0: Called Strike
2-1: Swinging Strike
2-2: Strikes out swinging
Top of the 4th over - 1 run(s), 2 hit(s), 0 error(s), 1 left on base; Redwood City 2 - Gresham 3
BOTTOM OF THE 4TH
Gresham Gold Souls batting - Pitching for Redwood City Redwoods : LHP Phil Davis
Batting: RHB Lorenzo Morín 0-0: Ball
1-0: Foul Ball, location: 2F
1-1: SINGLE (Groundball, 5D)
Batting: RHB Pepe Medrano 0-0: Swinging Strike
0-1: Ball
1-1: Ball
2-1: Ball
3-1: Base on Balls
Lorenzo Morín to second
Batting: RHB Matt Davidson 0-0: Ball
1-0: Ball
2-0: Foul Ball, location: 2F
2-1: Called Strike
2-2: Ball
3-2: Base on Balls
Lorenzo Morín to third
Pepe Medrano to second
Batting: LHB Bill Smith 0-0: Ball
1-0: SINGLE (Groundball, 4M) (infield hit)
Lorenzo Morín scores
Pepe Medrano to third
Matt Davidson to second
Batting: LHB Jeff Doss 0-0: Called Strike
0-1: Ball
1-1: Ball
2-1: GRAND SLAM HOME RUN (Flyball, 89XD), Distance : 438 ft
Pitching: RHP Júlio Castro
Batting: RHB Pablo Castillo 0-0: Called Strike
0-1: Called Strike
0-2: Ball
1-2: SINGLE (Line Drive, 89S)
Batting: RHB Luke McIndoe 0-0: Called Strike
0-1: Grounds into double play, 6-4-3 (Groundball, 6)
Batting: RHB Peter Hensley 0-0: Fly out, F9 (Flyball, 89M)
Bottom of the 4th over - 5 run(s), 4 hit(s), 0 error(s), 0 left on base; Redwood City 2 - Gresham 8
TOP OF THE 5TH
Redwood City Redwoods batting - Pitching for Gresham Gold Souls : RHP Martín Ortíz
Batting: LHB Marcos Pérez 0-0: Ground out 1-3 (Groundball, 15)
Batting: LHB Iván Salas 0-0: Ball
1-0: Called Strike
1-1: Foul Ball, location: 2F
1-2: Strikes out swinging
Batting: RHB Bob Campbell 0-0: DOUBLE (Line Drive, 7LM)
Batting: RHB Rafael Rincón 0-0: Foul Ball, location: 2F
0-1: Ball
1-1: Foul Ball, location: 2F
1-2: Foul Ball, location: 2F
1-2: Foul Ball, location: 2F
1-2: Ball
2-2: Ball
3-2: Base on Balls
Pitching: RHP León Trevino
Batting: LHB Nicholas Alston 0-0: SINGLE (Groundball, 13) (infield hit)
Bob Campbell to third
Rafael Rincón to second
Batting: LHB Ryan Hensley 0-0: Ball
1-0: SINGLE (Groundball, 6MD)
Bob Campbell scores
Rafael Rincón to third
Nicholas Alston to second
Runner from 3rd tries for Home, SAFE, throw made home
Batting: SHB José López 0-0: Called Strike
0-1: Ground out 4-3 (Groundball, 34)
Top of the 5th over - 2 run(s), 3 hit(s), 0 error(s), 2 left on base; Redwood City 4 - Gresham 8
BOTTOM OF THE 5TH
Gresham Gold Souls batting - Pitching for Redwood City Redwoods : RHP Júlio Castro
Batting: LHB Vicente Bueno 0-0: Ball
1-0: Ball
2-0: Ball
3-0: Called Strike
3-1: Base on Balls
Batting: RHB Lorenzo Morín 0-0: Ball
1-0: Ball
2-0: Foul Ball, location: 2F
2-1: Ball
3-1: Base on Balls
Vicente Bueno to second
Batting: RHB Pepe Medrano 0-0: Called Strike
0-1: Swinging Strike
0-2: Ball
1-2: Ball
Wild Pitch!
Vicente Bueno to third
Lorenzo Morín to second
2-2: Foul Ball, location: 2F
2-2: Ball
3-2: Strikes out swinging
Batting: RHB Matt Davidson 0-0: Foul Ball, location: 2F
0-1: Foul Ball, location: 2F
0-2: Ball
1-2: Ball
2-2: Ball
3-2: Base on Balls
Batting: LHB Bill Smith 0-0: Called Strike
0-1: Fly out, F8 (Flyball, 8LS)
Batting: LHB Jeff Doss 0-0: Ball
1-0: Called Strike
1-1: Foul Ball, location: 2F
1-2: Ball
2-2: Ground out U3 (Groundball, 3S)
Bottom of the 5th over - 0 run(s), 0 hit(s), 0 error(s), 3 left on base; Redwood City 4 - Gresham 8
TOP OF THE 6TH
Redwood City Redwoods batting - Pitching for Gresham Gold Souls : RHP León Trevino
Batting: LHB Patrick Bright 0-0: Called Strike
0-1: Foul Ball, location: 2F
0-2: Foul Ball, location: 2F
0-2: Foul Ball, location: 2F
0-2: Ball
1-2: Ball
2-2: Foul Ball, location: 2F
2-2: Strikes out swinging
Batting: LHB Diego González 0-0: Ball
1-0: Called Strike
1-1: Swinging Strike
1-2: Foul Ball, location: 2F
1-2: Strikes out looking
Batting: LHB Marcos Pérez 0-0: Ball
1-0: Swinging Strike
1-1: Called Strike
1-2: Fly out, F8 (Line Drive, 8LM)
Top of the 6th over - 0 run(s), 0 hit(s), 0 error(s), 0 left on base; Redwood City 4 - Gresham 8
BOTTOM OF THE 6TH
Gresham Gold Souls batting - Pitching for Redwood City Redwoods : RHP Júlio Castro
Batting: RHB Pablo Castillo 0-0: Called Strike
0-1: Ground out 6-3 (Groundball, 6M)
Batting: RHB Luke McIndoe 0-0: SINGLE (Groundball, 6MD)
Batting: RHB Peter Hensley 0-0: Ball
1-0: Ball
2-0: Called Strike
2-1: Ground out 5-3 (Groundball, 5S)
Luke McIndoe to second
Batting: LHB Vicente Bueno 0-0: Foul Ball, location: 2F
0-1: Ball
1-1: Ball
2-1: Ball
3-1: Foul Ball, location: 2F
3-2: Foul Ball, location: 2F
3-2: SINGLE (Line Drive, 78S)
Luke McIndoe to third
Luke McIndoe scores
Pitching: RHP William Simpson
Batting: RHB Lorenzo Morín 0-0: Called Strike
0-1: Swinging Strike
0-2: Ball
1-2: Foul Ball, location: 2F
1-2: Ball
2-2: Ball
3-2: Strikes out swinging
Bottom of the 6th over - 1 run(s), 2 hit(s), 0 error(s), 1 left on base; Redwood City 4 - Gresham 9
TOP OF THE 7TH
Redwood City Redwoods batting - Pitching for Gresham Gold Souls : RHP León Trevino
Batting: LHB Iván Salas 0-0: Ball
1-0: Called Strike
1-1: Ball
2-1: Ball
3-1: Ground out 6-3 (Groundball, 6)
Batting: RHB Bob Campbell 0-0: Foul Ball, location: 2F
0-1: Ball
1-1: Swinging Strike
1-2: Strikes out swinging
Batting: RHB Rafael Rincón 0-0: Ball
1-0: Foul Ball, location: 2F
1-1: Foul Ball, location: 2F
1-2: Ball
2-2: Strikes out swinging
Top of the 7th over - 0 run(s), 0 hit(s), 0 error(s), 0 left on base; Redwood City 4 - Gresham 9
BOTTOM OF THE 7TH
Gresham Gold Souls batting - Pitching for Redwood City Redwoods : RHP William Simpson
Batting: RHB Pepe Medrano 0-0: Foul Ball, location: 2F
0-1: DOUBLE (Groundball, 5L)
Batting: RHB Matt Davidson 0-0: Ball
1-0: Called Strike
1-1: SINGLE (Flyball, 78S)
Pepe Medrano to third
Batting: LHB Bill Smith 0-0: Grounds out, U3 (Groundball, 3L)
Pepe Medrano scores
Batting: LHB Jeff Doss 0-0: Ball
1-0: Ball
2-0: Called Strike
2-1: Swinging Strike
Reached via error on a dropped throw, E1
Matt Davidson to third
Batting: RHB Pablo Castillo 0-0: Ball
1-0: Ball
2-0: Ball
3-0: Called Strike
3-1: Base on Balls
Jeff Doss to second
Batting: RHB Luke McIndoe 0-0: Ball
1-0: Ball
2-0: SINGLE (Groundball, 4MD)
Matt Davidson scores
Jeff Doss to third
Pablo Castillo to second
Batting: RHB Peter Hensley 0-0: Ball
1-0: Called Strike
1-1: Ball
2-1: Fly out, F7 (Line Drive, 7M)
Batting: LHB Vicente Bueno 0-0: Called Strike
0-1: Fly out, F6 (Popup, 6M)
Bottom of the 7th over - 2 run(s), 3 hit(s), 1 error(s), 3 left on base; Redwood City 4 - Gresham 11
TOP OF THE 8TH
Redwood City Redwoods batting - Pitching for Gresham Gold Souls : RHP León Trevino
Pitching: RHP Isaac Coleman
Batting: LHB Nicholas Alston 0-0: Ball
1-0: Ball
2-0: Called Strike
2-1: Foul Ball, location: 2F
2-2: SOLO HOME RUN (Flyball, 9D), Distance : 384 ft
Batting: LHB Ryan Hensley 0-0: Ball
1-0: Foul Ball, location: 2F
1-1: Ball
2-1: Ball
3-1: Ground out 4-3 (Groundball, 34)
Batting: SHB José López 0-0: Ball
1-0: Called Strike
1-1: Ground out U3 (Groundball, 3)
Batting: LHB Patrick Bright 0-0: Swinging Strike
0-1: Ball
1-1: Swinging Strike
1-2: Ball
2-2: SINGLE (Line Drive, 4D)
Batting: LHB Diego González 0-0: Foul Ball, location: 2F
0-1: Ball
1-1: Ball
2-1: Foul Ball, location: 2F
2-2: Fly out, F9 (Line Drive, 89S)
Top of the 8th over - 1 run(s), 2 hit(s), 0 error(s), 1 left on base; Redwood City 5 - Gresham 11
BOTTOM OF THE 8TH
Gresham Gold Souls batting - Pitching for Redwood City Redwoods : RHP William Simpson
Batting: RHB Lorenzo Morín 0-0: Ball
1-0: Ball
2-0: Ball
3-0: Base on Balls
Batting: RHB Pepe Medrano 0-0: Fly out, F7 (Flyball, 7D)
Batting: RHB Matt Davidson 0-0: Ball
1-0: Ball
2-0: Ball
3-0: Called Strike
3-1: Base on Balls
Lorenzo Morín to second
Batting: LHB Bill Smith 0-0: Ball
1-0: Swinging Strike
1-1: Foul Ball, location: 2F
1-2: Strikes out swinging
Batting: LHB Jeff Doss 0-0: Called Strike
0-1: Ball
1-1: Called Strike
1-2: Strikes out swinging
Bottom of the 8th over - 0 run(s), 0 hit(s), 0 error(s), 2 left on base; Redwood City 5 - Gresham 11
TOP OF THE 9TH
Redwood City Redwoods batting - Pitching for Gresham Gold Souls : RHP Isaac Coleman
Now at 1B: Sean Carr
Now in CF: Rob Bailey
Batting: LHB Marcos Pérez 0-0: Ball
1-0: Ground out 4-3 (Groundball, 4)
Batting: LHB Iván Salas 0-0: Ball
1-0: Ball
2-0: Called Strike
2-1: SINGLE (Groundball, 4M)
Batting: RHB Bob Campbell 0-0: Called Strike
0-1: Ball
Wild Pitch!
Iván Salas to second
1-1: Ball
2-1: SINGLE (Flyball, 9LS)
Iván Salas to third
Runner from 3rd tries for Home, SAFE, throw made home
Bob Campbell to second
Batting: RHB Rafael Rincón 0-0: Ball
1-0: Ball
2-0: Foul Ball, location: 2F
2-1: Foul Ball, location: 2F
2-2: Strikes out swinging
Batting: LHB Nicholas Alston 0-0: Ball
1-0: Ball
2-0: Ball
3-0: Base on Balls
Batting: LHB Ryan Hensley 0-0: Called Strike
0-1: Foul Ball, location: 2F
0-2: Ball
Passed Ball!
Bob Campbell to third
Nicholas Alston to second
1-2: Foul Ball, location: 2F
1-2: Foul Ball, location: 2F
1-2: Ball
2-2: 3-RUN HOME RUN (Flyball, 8RXD), Distance : 432 ft
Pitching: RHP Luis Fernández
Batting: SHB José López 0-0: Foul Ball, location: 2F
0-1: Ball
1-1: Called Strike
1-2: Foul Ball, location: 2F
1-2: Strikes out looking
Top of the 9th over - 4 run(s), 3 hit(s), 0 error(s), 0 left on base; Redwood City 9 - Gresham 11
Monday, December 5th, 2016 - OOTP Baseball 17.12 Build 75